 Dungeon Crawl Stone Soup version 0.29.1-12-g30fa7ad0bf (webtiles) character file.

Game seed: 3661682381252728410

41 retardedninja the Trooper (level 3, -2/33 HPs)
             Began as a Minotaur Fighter on Jan 11, 2023.
             Slain by a gnoll
             ... wielding a +2 antimagic spear
              (10 damage)
             ... on level 2 of the Dungeon.
             The game lasted 00:00:28 (333 turns).

retardedninja the Trooper (Minotaur Fighter)         Turns: 333, Time: 00:00:29

Health: -2/33      AC:  7    Str: 22    XL:     3   Next: 32%
Magic:  0/2        EV:  9    Int:  5    God:
Gold:   22         SH:  4    Dex:  9    Spells: 2/2 levels left

rFire   . . .      SeeInvis .   a - +0 war axe
rCold   . . .      Faith    .   c - +0 buckler
rNeg    . . .      Spirit   .   b - +0 scale mail
rPois   .          Reflect  .   (helmet restricted)
rElec   .          Harm     .   (no cloak)
rCorr   .          Rampage  .   (no gloves)
Will    .....                   (no boots)
Stlth   ..........              (no amulet)
HPRegen 0.11/turn               (no ring)
MPRegen 0.08/turn               (no ring)

@: mighty
A: horns 2, retaliatory headbutt
a: no special abilities


You were on level 2 of the Dungeon.
You visited 1 branch of the dungeon, and saw 2 of its levels.

You collected 22 gold pieces.

Inventory:

Hand Weapons
 a - a +0 war axe (weapon)
Armour
 b - a +0 scale mail (worn)
 c - a +0 buckler (worn)


   Skills:
 + Level 4.1 Fighting
 + Level 3.1 Axes
 + Level 4.1 Armour
 + Level 4.1 Shields


You had 2 spell levels left.
You didn't know any spells.
Your spell library was empty.

Dungeon Overview and Level Annotations

Branches:
Dungeon (1/15)

Altars:


Innate Abilities, Weirdness & Mutations

You have a pair of horns on your head.
You reflexively headbutt those who attack you in melee.


Message History

An endoplasm comes into view.
Unknown command.
The endoplasm quivers.
You hit the gnoll. You headbutt the gnoll.
You kill the gnoll!
You slash the gnoll! The gnoll barely misses you. x2
Your Axes skill increases to level 3!
Your Shields skill increases to level 4!
You have reached level 3!
Your experience leads to an increase in your attributes!
Increase (S)trength, (I)ntelligence, or (D)exterity?
You feel stronger. x2
Unknown command.
You barely miss the gnoll. You headbutt the gnoll.
You kill the gnoll!
The gnoll throws a throwing net.
The throwing net barely misses you.
The gnoll hits you from afar with a +2 antimagic spear.
You feel your power leaking away.
Unknown command.
The gnoll hits you with a +2 antimagic spear.
You feel your power leaking away.
You see here a +0 flail.
Unknown command.
You are too injured to fight recklessly!
Unknown command.
You are too injured to fight recklessly!
Unknown command.
You are too injured to fight recklessly!
You closely miss the gnoll. Your headbutt misses the gnoll.
You slash the gnoll!
The gnoll is almost dead.
You barely miss the gnoll.
The gnoll hits you with a +2 antimagic spear.
The gnoll hits you with a +0 flail. The gnoll hits you with a +0 flail!
* * * LOW HITPOINT WARNING * * *
You block the gnoll's attack.
You feel very mighty all of a sudden. You block the gnoll's attack.
The gnoll hits you with a +2 antimagic spear!
You die... .. ... .... #. ....# ....) .....# #...# ....### ...# . #Jgg#

#..## .#
#@#####...#####..
####)...............
..................##
#####.....†........#
#..............#
#......)†......#
#..!....(......#
#..............##
##..............#


You could see 2 gnolls and an endoplasm.

Vanquished Creatures
  2 gnolls (D:2)
  An adder (D:2)
  An endoplasm (D:1)
  2 goblins
  2 jackals (D:2)
  3 bats
  A frilled lizard (D:2)
  A kobold (D:1)
  A rat (D:1)
14 creatures vanquished.

Notes
Turn   | Place    | Note
-------+----------+-------------------------------------------
     0 | D:1      | retardedninja the Minotaur Fighter began the quest for the
                  | Orb.
     0 | D:1      | Reached XP level 1. HP: 19/19 MP: 0/0
   210 | D:1      | You fall into a shaft and drop 1 floor!
   286 | D:2      | Reached XP level 2. HP: 26/27 MP: 1/1
   329 | D:2      | Reached XP level 3. HP: 28/33 MP: 2/2
   333 | D:2      | Slain by a gnoll

Illustrated notes

Levels and vault maps discovered:
D:1:      dpeg_arrival_round_a, layout_loops_ring
D:2:      layout_rooms, chequers_ecumenical_altar_twisty

Skill      XL: |  1  2 |
---------------+-------+-----
Fighting       | 4 |  4.1
Armour         | 4 |  4.1
Axes           | 3 |  3.1
Shields        | 4 |  4.1

Action                   || total
-------------------------++-------
Melee: War axe           ||    41
       Headbutt          ||     4
  Use: Potion            ||     1
Armor: Scale mail        ||    18
Dodge: Dodged            ||    27
Block: Buckler           ||    10
